 Dungeon Crawl Stone Soup version bcrawl-1.23 (webtiles) character file.

Game seed: 7316220270214189884

455 diana the Slasher (level 6, -1/44 HPs)
             Began as a Demonspawn Gladiator on May 23, 2020.
             Succumbed to a scorpion's poison
             ... on level 4 of the Dungeon.
             The game lasted 00:05:28 (5080 turns).

diana the Slasher (Demonspawn Gladiator)            Turns: 5080, Time: 00:05:28

Health: -1/44      AC:  7    Str: 16    XL:     6   Next: 76%
Magic:  15/15      EV: 11    Int: 10    God:
Gold:   316        SH:  2    Dex: 18    Spells: 5/5 levels left

rFire    + . .     SeeInvis .   a - +0 long sword
rCold    . . .     Gourm    +   (no shield)
rNeg     . . .     Faith    .   q - +0 scale mail
rPois    .         Spirit   .   c - +0 helmet
rElec    .         Reflect  .   (no cloak)
rCorr    .         Harm     .   (no gloves)
MR       .....                  (no boots)
Stlth    +.........             j - amulet of the gourmand
HPRegen  0.14/turn              p - ring of protection from fire
MPRegen  0.14/turn              m - ring of magical power

@: lethally poisoned (-1 -> -29), swift, flying, quick
A: thin skeletal structure 2, powered by pain 1
a: no special abilities


You were on level 4 of the Dungeon.
You were very full.

You visited 1 branch of the dungeon, and saw 4 of its levels.

You collected 316 gold pieces.

Inventory:

Hand Weapons
 a - a +0 long sword (weapon)
Missiles
 d - 3 throwing nets (quivered) {!f}
Armour
 b - a +0 leather armour
 c - a +0 helmet (worn)
 q - a +0 scale mail (worn)
Jewellery
 j - an amulet of the gourmand (around neck)
 m - a ring of magical power (right hand)
 p - a ring of protection from fire (left hand)
Scrolls
 g - a scroll of blinking {unknown}
 i - 3 scrolls of identify
 l - 3 scrolls of remove curse {unknown}
Potions
 f - 2 potions of invisibility
 h - a potion of brilliance
 k - 3 potions of degeneration
 n - a potion of flight
 o - a potion of haste {unknown}
Comestibles
 e - 6 rations {!d}


   Skills:
 - Level 2.0 Fighting
 + Level 7.1 Long Blades
 - Level 1.7 Throwing
 - Level 2.6 Dodging


You had 5 spell levels left.
You didn't know any spells.
Your spell library was empty.

Dungeon Overview and Level Annotations

Branches:
Dungeon (4/12)
 Temple: D:4-7

Altars:

Annotations:
D:2 Sigmund


Innate Abilities, Weirdness & Mutations

You have a moderately thin skeletal structure. (Dex +4, Stealth+)
You sometimes gain a little power by taking damage.


Message History

You are more poisoned.
The scorpion poisons you!
You closely miss the scorpion.
The scorpion is severely wounded.
You feel very sick. You block the scorpion's attack.
You hit the scorpion but do no damage.
The scorpion is severely wounded.
* * * LOW HITPOINT WARNING * * *
You feel sick. The scorpion misses you.
You closely miss the scorpion.
The scorpion is severely wounded.
* * * LOW HITPOINT WARNING * * *
You feel very sick. The scorpion stings you!
* * * LOW HITPOINT WARNING * * *
It was a potion of flight.
You feel very buoyant.
You fly up into the air.
You die...

....##.#.........##
......#......#.....#
....#..#.........#..#
...$.##.##?..........#
?.....#
###.........###
#+#+#.. +.........#
##.....$..##
..........#
#......@#....#
#....).s######
#.......# #.......#
#.......# #........
#........ #........


You could see a scorpion.

Vanquished Creatures
  Grinder (D:3)
  2 scorpions
  A bullfrog skeleton (D:4)
  A worker ant (D:3)
  A hound skeleton (D:4)
  3 adders (D:3)
  An adder skeleton (D:4)
  2 worms
  2 dart slugs
  7 leopard geckos
  5 orcs (D:3)
  4 giant cockroaches
  7 hobgoblins
  5 jackals
  A quokka (D:3)
  3 ball pythons
  6 bats
  6 frilled lizards
  3 goblins
  9 kobolds
  5 rats
75 creatures vanquished.

Notes
Turn   | Place    | Note
-------+----------+-------------------------------------------
     0 | D:1      | diana the Demonspawn Gladiator began the quest for the Orb.
     0 | D:1      | Reached XP level 1. HP: 16/16 MP: 1/1
    68 | D:1      | Reached skill level 3 in Long Blades
   246 | D:1      | Gained mutation: You have a somewhat thin skeletal
                  | structure. (Dex +2, Stealth) [demonic ancestry]
   246 | D:1      | Reached XP level 2. HP: 22/22 MP: 2/2
  1540 | D:2      | Reached XP level 3. HP: 27/27 MP: 3/3
  1813 | D:2      | Noticed Sigmund
  2241 | D:2      | Reached skill level 4 in Long Blades
  3041 | D:3      | Noticed Grinder
  3065 | D:3      | Paralysed by Grinder for 2 turns
  3070 | D:3      | Killed Grinder
  3070 | D:3      | Reached skill level 5 in Long Blades
  3070 | D:3      | Gained mutation: You sometimes gain a little power by
                  | taking damage. [demonic ancestry]
  3070 | D:3      | Reached XP level 4. HP: 3/33 MP: 4/4
  3070 | D:3      | Gained mutation: You have a moderately thin skeletal
                  | structure. (Dex +4, Stealth+) [demonic ancestry]
  3070 | D:3      | Reached XP level 5. HP: 4/38 MP: 5/5
  3431 | D:3      | Reached skill level 6 in Long Blades
  4089 | D:3      | Reached XP level 6. HP: 39/44 MP: 6/6
  4686 | D:3      | HP: 2/44 [poisoned by a scorpion]
  4694 | D:3      | HP: 1/44 [poisoned by a scorpion]
  5006 | D:4      | Reached skill level 7 in Long Blades
  5079 | D:4      | HP: 1/44 [scorpion (8)]
  5080 | D:4      | Succumbed to a scorpion's poison

Skill      XL: |  1  2  3  4  5  6 |
---------------+-------------------+-----
Long Blades    | 3 5 6 7 |  7.1
Fighting       | |  2.0
Throwing       | |  1.7
Dodging        | |  2.6

Action                   |  1- 3 |  4- 6 || total
-------------------------+-------+-------++-------
Melee: Long sword        |   153 |   172 ||   325
  Use: Potion            |     3 |     1 ||     4
       Scroll            |     2 |       ||     2
 Stab: Sleeping          |     4 |     1 ||     5
  Eat: Chunk             |     5 |     8 ||    13
       Ration            |       |     2 ||     2
Armor: Leather armour    |    33 |       ||    33
       Scale mail        |     8 |    70 ||    78
Dodge: Dodged            |   100 |   101 ||   201
Block: Other             |     2 |    11 ||    13
